 Dungeon Crawl Stone Soup version 0.20.1-1-g8b1a95d (webtiles) character file.

60 sheltatha the Sneak (level 3, -3/18 HPs)
             Began as a Spriggan Assassin on Aug 19, 2017.
             Slain by a worm (12 damage)
             ... on level 3 of the Dungeon.
             The game lasted 00:15:20 (2140 turns).

sheltatha the Sneak (Spriggan Assassin)             Turns: 2140, Time: 00:15:21

Health: -3/18      AC:  3    Str:  7    XL:     3   Next: 80%
Magic:  4/4        EV: 18    Int: 12    God:
Gold:   110        SH:  0    Dex: 18    Spells: 2/2 levels left

rFire    . . .     SeeInvis +   a - +3 dagger
rCold    . . .     Gourm    .   (shield restricted)
rNeg     . . .     Faith    .   j - +0 robe
rPois    .         Spirit   .   (helmet restricted)
rElec    .         Reflect  .   d - +0 cloak
rCorr    .         Harm     .   (gloves unavailable)
MR       .....                  (boots unavailable)
Stlth    ++++......             (no amulet)
Regen    0.1/turn               (no ring)
MPRegen  0.1/turn               (no ring)

@: very quick
A: unfitting armour, see invisible, herbivore 3, speed 3, slow metabolism 2
a: no special abilities


You were on level 3 of the Dungeon.
You were not hungry.

You visited 1 branch of the dungeon, and saw 3 of its levels.

You collected 110 gold pieces.

Inventory:

Hand Weapons
 a - a +3 dagger (weapon)
 b - a +0 blowgun
 k - a +0 short sword
 m - a +0 dagger of holy wrath
 q - a +2 dagger of draining
 r - a +3 whip of venom
Missiles
 e - 8 poisoned needles
 f - 2 curare-tipped needles
Armour
 c - a +0 robe
 d - a +0 cloak (worn)
 h - a +0 leather armour
 i - a +1 pair of boots
 j - a +0 robe (worn)
Jewellery
 l - a cursed ring of loudness {unknown}
Scrolls
 n - 6 scrolls of identify
 o - a scroll of magic mapping
 t - a scroll of enchant weapon
 u - a scroll of remove curse {unknown}
Potions
 p - a potion of degeneration {unknown}
 s - a potion of curing {unknown}
Comestibles
 g - 3 bread rations


   Skills:
 + Level 1.9 Fighting
 + Level 2.3 Short Blades
 + Level 2.0 Throwing
 + Level 2.8 Dodging
 + Level 7.3 Stealth


You had 2 spell levels left.
You didn't know any spells.

Dungeon Overview and Level Annotations

Branches:
Dungeon (3/15)

Altars:
Elyvilon
Trog


Innate Abilities, Weirdness & Mutations

You are very small and have problems with some larger weapons.
You are too small for most types of armour.
You have supernaturally acute eyesight. (SInv)
You are a herbivore.
You cover ground extremely quickly.
You need consume almost no food.


Message History

The worm misses you.
You barely miss the worm. You hit the worm.
The worm is lightly wounded.
You hit the worm.
The worm is moderately wounded.
The worm bites you!
Ouch! That really hurt!
You hit the worm.
The worm is moderately wounded.
You hit the worm.
The worm is heavily wounded.
The worm bites you but does no damage.
You barely miss the worm.
The worm is heavily wounded.
You hit the worm.
The worm is severely wounded.
The worm bites you!
Ouch! That really hurt!
You die...

#.# #.........####.#
#####.########............#.#
.............'..........###.#
###########.##..........# #.#
#.##........<.# #.#
#.#######..######.# #+#
##........# ######.########
+w@........... #
######.###.### ### #.# ..#
#.. ..# ##.# ..# .. ### #.. #
.. ###


You could see a worm.

Vanquished Creatures
  An adder (D:3)
  A worm (D:2)
  2 dart slugs
  2 leopard geckos (D:1)
  2 ball pythons
  3 bats
  3 giant cockroaches (D:1)
  6 hobgoblins
  2 jackals (D:2)
  4 kobolds
  8 frilled lizards
  4 goblins
  2 rats
  4 fungi (D:2)
44 creatures vanquished.

Notes
Turn   | Place    | Note
-------+----------+-------------------------------------------
     0 | D:1      | sheltatha the Spriggan Assassin began the quest for the Orb.
     0 | D:1      | Reached XP level 1. HP: 10/10 MP: 2/2
    95 | D:1      | Reached skill level 6 in Stealth
   155 | D:1      | Reached XP level 2. HP: 11/14 MP: 3/3
   738 | D:1      | Reached XP level 3. HP: 14/18 MP: 4/4
   927 | D:2      | Found a bloodstained altar of Trog.
  1105 | D:2      | Reached skill level 7 in Stealth
  1196 | D:2      | Found a faded altar of an unknown god.
  1621 | D:2      | Found a white marble altar of Elyvilon.
  2140 | D:3      | Slain by a worm

Skill      XL: |  1  2  3 |
---------------+----------+-----
Stealth        | 6 7 |  7.3
Dodging        | 2 |  2.8
Fighting       | |  1.9
Short Blades   | |  2.3
Throwing       | |  2.0

Action                   || total
-------------------------++-------
Melee: Dagger            ||   243
  Use: Potion            ||     2
       Scroll            ||     4
 Stab: Sleeping          ||     8
Armor: Robe              ||    21
Dodge: Dodged            ||   130
